Washington Capitals vs St.Louis Blues (R3)

Created - Thursday, June 19, 2025 at 07:34

Goals
1 2 3 T
Washington Capitals 0 0 1 1
St.Louis Blues 1 2 2 5
Shots
1 2 3 T
Washington Capitals 4 5 4 13
St.Louis Blues 14 5 12 31

1st period

1. St.Louis Blues , Lars Eller 2 (Brandon Hagel 2, Logan O'Connor 2) at 12:27

Penalties :
Jamie Oleksiak (WSH) for Cross-checking (Minor) at 2:49, Nick Jensen (WSH) for Cross-checking (Minor) at 6:03, John Carlson (WSH) for Holding (Minor) at 9:02, Brandon Hagel (STL) for Roughing (Minor) at 9:54, Jamie Oleksiak (WSH) for Tripping (Minor) at 15:59

2nd period

2. St.Louis Blues , Brayden Point 9 (Elias Pettersson 6) at 1:48
3. St.Louis Blues , Robert Thomas 5 (Colton Parayko 5, Elias Lindholm 12) at 12:03 (SH)

Penalties :
Brad Marchand (WSH) for Hooking (Minor) at 4:01, Alex Tuch (STL) for Cross-checking (Minor) at 11:51

3rd period

4. St.Louis Blues , Elias Pettersson 3 (Brayden Point 7, Jake Guentzel 11) at 11:03
5. Washington Capitals , Jordan Kyrou 5 (Derek Forbort 3, Owen Tippett 3) at 13:51
6. St.Louis Blues , Elias Pettersson 4 (Robert Thomas 11, Brayden Point 8) at 17:07 (PP)

Penalties :
Fabian Zetterlund (WSH) for Tripping (Minor) at 1:24, Logan O'Connor (STL) for Fighting (Major) at 13:29, Jamie Oleksiak (WSH) for Fighting (Major) at 13:29, Derek Forbort (WSH) for Boarding (Minor) at 17:01, Nick Foligno (WSH) for Delaying the game (Minor) at 17:12

Goalie Stats

Jake Oettinger (WSH), 26 saves from 31 shots - (0.839), L, 8-2-1, 60:00 minutes
Connor Hellebuyck (STL), 12 saves from 13 shots - (0.923), W, 10-2-2, 60:00 minutes

Players Stats for Washington Capitals

Player Name              G  A  P  +/- PIM S  H  SB GA TA FO     MP     PP MP  PK MP  
------------------------------------------------------------------------------------
Alex Ovechkin            0  0  0   0  0   1  0  0  0  0  0/1     3:16   0:44   0:00 
Brad Marchand            0  0  0  -3  2   2  2  0  0  1  0/1    19:25   1:15   4:57 
Derek Forbort            0  1  1   0  2   0  1  1  0  2  0/0    23:54   0:52   5:54 
Drake Batherson          0  0  0  -3  0   3  0  0  1  0  0/0    14:51   1:29   0:32 
Fabian Zetterlund        0  0  0   0  2   0  0  0  0  1  1/1    10:10   0:00   0:00 
Ian Cole                 0  0  0  -2  0   0  0  0  0  3  0/0    18:17   0:00   6:49 
Jamie Oleksiak           0  0  0  -1  9   1  0  1  1  1  0/0    19:54   1:21   4:00 
Jason Robertson          0  0  0  -1  0   0  0  1  0  0  0/0    13:50   0:52   0:00 
John Carlson             0  0  0   1  2   0  1  0  0  1  0/0    15:33   1:22   0:22 
Jordan Kyrou             1  0  1  -2  0   3  1  0  1  0  5/12   20:30   1:15   3:38 
Michael McLeod           0  0  0   0  0   0  1  0  0  0  2/3     2:52   0:00   2:00 
Mikael Backlund          0  0  0  -1  0   0  3  1  1  1  5/11   17:28   0:00   5:07 
Nick Foligno             0  0  0   1  2   1  3  1  0  0  5/17   20:09   0:09   5:20 
Nick Jensen              0  0  0  -3  2   0  2  1  0  2  0/0    21:16   1:30   5:44 
Nico Hischier            0  0  0  -1  0   1  3  0  0  0  7/12   16:43   1:36   1:57 
Owen Tippett             0  1  1   1  0   0  1  0  0  0  0/0    12:18   0:29   0:00 
Thomas Harley            0  0  0  -1  0   1  1  3  0  2  0/0    22:51   1:21   3:00 
Yegor Chinakhov          0  0  0   0  0   0  0  0  0  0  0/0    12:40   0:00   2:13 

Players Stats for St.Louis Blues

Player Name              G  A  P  +/- PIM S  H  SB GA TA FO     MP     PP MP  PK MP  
------------------------------------------------------------------------------------
Alex Pietrangelo         0  0  0   1  0   0  2  2  0  0  0/0    19:45   0:00   0:10 
Alex Tuch                0  0  0   0  2   1  1  1  0  0  0/0    16:37   5:42   0:20 
Brandon Hagel            0  1  1   3  2   2  1  0  0  0  0/0    17:42   5:50   0:00 
Brayden Point            1  2  3   2  0   7  3  0  1  0  0/0    18:56   6:41   0:04 
Colton Parayko           0  1  1   3  0   2  4  0  0  1  0/0    21:24   0:00   1:17 
Dakota Joshua            0  0  0   0  0   0  0  1  0  0  0/0     9:28   0:20   0:00 
Elias Lindholm           0  1  1   1  0   2  2  0  2  0  6/7    16:22   5:51   1:28 
Elias Pettersson         2  1  3   2  0   3  1  0  0  0  4/7    19:46   7:24   0:13 
Jaccob Slavin            0  0  0   0  0   0  0  1  0  0  0/0    15:02   0:00   1:24 
Jack Eichel              0  0  0  -1  0   3  0  1  2  0  12/22  21:16   7:17   0:00 
Jake Guentzel            0  1  1  -1  0   2  3  0  1  0  1/3    20:44   6:47   0:00 
Jake Sanderson           0  0  0   2  0   1  1  1  1  0  0/0    16:24   0:00   1:27 
Lars Eller               1  0  1   1  0   2  1  0  1  0  3/5    10:50   0:00   1:19 
Logan O'Connor           0  1  1   1  5   1  1  0  0  0  0/0    11:11   0:07   1:19 
Mark Stone               0  0  0   0  0   0  1  0  3  0  0/0    15:06   5:51   0:00 
Mikhail Sergachev        0  0  0   0  0   0  3  0  1  3  0/0    15:00   5:35   0:00 
Nick Leddy               0  0  0   0  0   0  0  0  0  0  0/0     8:34   0:00   1:24 
Robert Thomas            1  1  2   0  0   5  2  0  2  0  7/14   21:52   6:54   0:59 

3 Stars

1 - Elias Pettersson (STL)
2 - Brayden Point (STL)
3 - Robert Thomas (STL)

Power Play

Washington Capitals - 0 on 2 Attempt(s) - 0.00%
St.Louis Blues - 1 on 8 Attempt(s) - 12.50%

Penalty Kill

Washington Capitals - 7 on 8 Attempt(s) - 87.50% - Score 0 goal in Penalty Kill
St.Louis Blues - 2 on 2 Attempt(s) - 100.00% - Score 1 goal in Penalty Kill

Team Stat

Washington Capitals - Hits : 19 - Faceoff Wins : 25 - Blocked Shots : 9 - Penalty Minutes : 21
St.Louis Blues - Hits : 26 - Faceoff Wins : 33 - Blocked Shots : 7 - Penalty Minutes : 9

Official

Referees : Garrett Rank and Kelly Sutherland
Linesman : Matt MacPherson and David Brisebois

Game Notes

Michael McLeod is injured at 9:04 of 1st period (Sprained Right Knee)
Alex Ovechkin is injured at 12:56 of 1st period (Upper Body)
Logan O'Connor beats up Jamie Oleksiak at 13:29 of 3rd period

Finance

Level 1 -- Attendance: 6000 (100.00%) -- Ticket Income $570,000
Level 2 -- Attendance: 5000 (100.00%) -- Ticket Income $285,000
Level 3 -- Attendance: 3000 (100.00%) -- Ticket Income $99,000
Level 4 -- Attendance: 5000 (100.00%) -- Ticket Income $115,000
Luxury Box -- Attendance: 1000 (100.00%) -- Ticket Income $194,000
Game was played at the Scottrade Center.
Total Attendance: 20000 (100.00%)
Total Ticket Income: $1,263,000
Other Income: $442,050
Total Income: $1,705,050

Washington Capitals

5 vs 5 Forward 
   Center                   Left Wing                Right Wing               Time % Phy DF OF 
 1 Nico Hischier            Alex Ovechkin            Jason Robertson          30     1   2  2  
 2 Mikael Backlund          Brad Marchand            Drake Batherson          30     1   2  2  
 3 Nick Foligno             Owen Tippett             Jordan Kyrou             25     1   2  2  
 4 Michael McLeod           Yegor Chinakhov          Fabian Zetterlund        15     1   2  2  

5 vs 5 Defense 
   Defense                  Defense                                           Time % Phy DF OF 
 1 John Carlson             Jamie Oleksiak                                    30     1   2  2  
 2 Thomas Harley            Derek Forbort                                     30     1   2  2  
 3 Ian Cole                 Nick Jensen                                       25     1   2  2  
 4 Thomas Harley            Jamie Oleksiak                                    15     1   2  2  

PowerPlay Forward 
   Center                   Left Wing                Right Wing               Time % Phy DF OF 
 1 Nico Hischier            Alex Ovechkin            Jason Robertson          50     1   2  2  
 2 Jordan Kyrou             Brad Marchand            Drake Batherson          50     1   2  2  

PowerPlay Defense
   Defense                  Defense                                           Time % Phy DF OF 
 1 John Carlson             Nick Jensen                                       50     1   2  2  
 2 Thomas Harley            Jamie Oleksiak                                    50     1   2  2  

Penalty Kill 4 Players Forward 
   Center                   Wing                     Time % Phy DF OF 
 1 Mikael Backlund          Nick Foligno             50     1   2  2  
 2 Michael McLeod           Brad Marchand            50     1   2  2  

Penalty Kill 4 Players Defense
   Defense                  Defense                  Time % Phy DF OF 
 1 Derek Forbort            Jamie Oleksiak           50     1   2  2  
 2 Nick Jensen              Ian Cole                 50     1   2  2  

Penalty Kill - 3 Players Forward 
   Forward                                           Time % Phy DF OF 
 1 Mikael Backlund                                   50     1   2  2  
 2 Michael McLeod                                    50     1   2  2  

Penalty Kill - 3 Players Defense
   Defense                  Defense                  Time % Phy DF OF 
 1 Derek Forbort            Jamie Oleksiak           50     1   2  2  
 2 Nick Jensen              Ian Cole                 50     1   2  2  

4 vs 4 Forward 
   Center                   Wing                     Time % Phy DF OF 
 1 Nico Hischier            Alex Ovechkin            50     1   2  2  
 2 Jordan Kyrou             Jason Robertson          50     1   2  2  

4 vs 4 Defense
   Defense                  Defense                  Time % Phy DF OF 
 1 John Carlson             Nick Jensen              50     1   2  2  
 2 Thomas Harley            Jamie Oleksiak           50     1   2  2  

Last Minutes Offensive
   Center                   Left Wing                Right Wing               Defense                  Defense                  
   Nico Hischier            Alex Ovechkin            Jason Robertson          John Carlson             Thomas Harley            

Last Minutes Defensive
   Center                   Left Wing                Right Wing               Defense                  Defense                  
   Mikael Backlund          Brad Marchand            Nick Foligno             Derek Forbort            Jamie Oleksiak           

Goaltenders
Starting : Jake Oettinger           
Backup : Sergei Bobrovsky         

Extra Forwards
Normal : Jordan Kyrou, Nick Foligno, Owen Tippett - PP : Drake Batherson, Owen Tippett - PK : Jordan Kyrou
Extra Defensemen
Normal : Derek Forbort, Nick Jensen, Thomas Harley - PP : Derek Forbort - PK : Nick Jensen, Thomas Harley
Penalty Shots
Jason Robertson, Drake Batherson, Yegor Chinakhov, John Carlson, Jordan Kyrou

Scratches
Stefan Noesen (Healthy)

St.Louis Blues

5 vs 5 Forward 
   Center                   Left Wing                Right Wing               Time % Phy DF OF 
 1 Jack Eichel              Jake Guentzel            Robert Thomas            40     0   2  3  
 2 Elias Pettersson         Brandon Hagel            Brayden Point            31     0   2  3  
 3 Elias Lindholm           Alex Tuch                Mark Stone               22     0   3  2  
 4 Lars Eller               Dakota Joshua            Logan O'Connor           7      1   2  2  

5 vs 5 Defense 
   Defense                  Defense                                           Time % Phy DF OF 
 1 Colton Parayko           Alex Pietrangelo                                  45     1   2  2  
 2 Jake Sanderson           Jaccob Slavin                                     35     1   2  2  
 3 Mikhail Sergachev        Nick Leddy                                        20     1   2  2  
 4 Colton Parayko           Alex Pietrangelo                                  0      1   2  2  

PowerPlay Forward 
   Center                   Left Wing                Right Wing               Time % Phy DF OF 
 1 Robert Thomas            Brayden Point            Jake Guentzel            60     1   0  4  
 2 Elias Lindholm           Brandon Hagel            Mark Stone               40     1   0  4  

PowerPlay Defense
   Defense                  Defense                                           Time % Phy DF OF 
 1 Jack Eichel              Elias Pettersson                                  60     0   1  4  
 2 Alex Tuch                Mikhail Sergachev                                 40     0   1  4  

Penalty Kill 4 Players Forward 
   Center                   Wing                     Time % Phy DF OF 
 1 Lars Eller               Logan O'Connor           50     1   4  0  
 2 Elias Lindholm           Alex Tuch                50     1   4  0  

Penalty Kill 4 Players Defense
   Defense                  Defense                  Time % Phy DF OF 
 1 Jake Sanderson           Colton Parayko           50     1   4  0  
 2 Jaccob Slavin            Nick Leddy               50     1   4  0  

Penalty Kill - 3 Players Forward 
   Forward                                           Time % Phy DF OF 
 1 Elias Lindholm                                    50     0   5  0  
 2 Lars Eller                                        50     0   5  0  

Penalty Kill - 3 Players Defense
   Defense                  Defense                  Time % Phy DF OF 
 1 Jake Sanderson           Colton Parayko           50     0   5  0  
 2 Nick Leddy               Alex Pietrangelo         50     0   5  0  

4 vs 4 Forward 
   Center                   Wing                     Time % Phy DF OF 
 1 Jack Eichel              Jake Guentzel            50     0   2  3  
 2 Robert Thomas            Brayden Point            50     0   2  3  

4 vs 4 Defense
   Defense                  Defense                  Time % Phy DF OF 
 1 Jake Sanderson           Alex Pietrangelo         50     0   3  2  
 2 Colton Parayko           Mikhail Sergachev        50     0   3  2  

Last Minutes Offensive
   Center                   Left Wing                Right Wing               Defense                  Defense                  
   Robert Thomas            Jake Guentzel            Brayden Point            Jack Eichel              Alex Pietrangelo         

Last Minutes Defensive
   Center                   Left Wing                Right Wing               Defense                  Defense                  
   Elias Lindholm           Logan O'Connor           Robert Thomas            Alex Pietrangelo         Colton Parayko           

Goaltenders
Starting : Connor Hellebuyck        
Backup : Scott Wedgewood          

Extra Forwards
Normal : Brayden Point, Brandon Hagel, Mark Stone - PP : Brandon Hagel, Dakota Joshua - PK : Robert Thomas
Extra Defensemen
Normal : Jake Sanderson, Mikhail Sergachev, Colton Parayko - PP : Mikhail Sergachev - PK : Jaccob Slavin, Nick Leddy
Penalty Shots
Elias Pettersson, Jack Eichel, Brayden Point, Jake Guentzel, Robert Thomas

Scratches
Jack Roslovic (Healthy), Adam Pelech (Healthy)

% Time on Ice - Washington Capitals

Lines # - Real PCT - Wanted PCT - Time Play
Normal Forward
1 - 30% - 30% - 12:56
2 - 31% - 30% - 13:26
3 - 15% - 25% - 6:37
4 - 24% - 15% - 10:11
Normal Defense
1 - 33% - 30% - 14:15
2 - 30% - 30% - 13:02
3 - 26% - 25% - 11:19
4 - 11% - 15% - 4:34
PP Forward
1 - 56% - 50% - 1:36
2 - 44% - 50% - 1:15
PP Defense
1 - 53% - 50% - 1:30
2 - 47% - 50% - 1:21
PK Forward
1 - 44% - 50% - 5:38
2 - 56% - 50% - 7:14
PK Defense
1 - 51% - 50% - 6:37
2 - 49% - 50% - 6:15
PK3 Forward
1 - 0% - 50%
2 - 0% - 50%
PK3 Defense
1 - 0% - 50%
2 - 0% - 50%
44 Forward
1 - 57% - 50% - 0:38
2 - 43% - 50% - 0:29
44 Defense
1 - 57% - 50% - 0:38
2 - 43% - 50% - 0:29
Last Minute Offensive  - 0:00
Last Minute Defensive  - 0:00
Total
Forward - 60:00
Defense - 60:00

% Time on Ice - St.Louis Blues

Lines # - Real PCT - Wanted PCT - Time Play
Normal Forward
1 - 32% - 40% - 13:57
2 - 26% - 31% - 11:24
3 - 21% - 22% - 9:00
4 - 20% - 7% - 8:49
Normal Defense
1 - 48% - 45% - 20:36
2 - 36% - 35% - 15:24
3 - 17% - 20% - 7:10
4 - 0% - 0% - 0:00
PP Forward
1 - 55% - 60% - 7:01
2 - 45% - 40% - 5:51
PP Defense
1 - 57% - 60% - 7:17
2 - 43% - 40% - 5:35
PK Forward
1 - 46% - 50% - 1:19
2 - 54% - 50% - 1:32
PK Defense
1 - 51% - 50% - 1:27
2 - 49% - 50% - 1:24
PK3 Forward
1 - 0% - 50%
2 - 0% - 50%
PK3 Defense
1 - 0% - 50%
2 - 0% - 50%
44 Forward
1 - 43% - 50% - 0:29
2 - 57% - 50% - 0:38
44 Defense
1 - 57% - 50% - 0:38
2 - 43% - 50% - 0:29
Last Minute Offensive  - 0:00
Last Minute Defensive  - 0:00
Total
Forward - 60:00
Defense - 60:00

Play-by-Play

1st period


0:01 of 1st period - Nico Hischier wins face-off versus Jack Eichel in neutral zone.
0:38 of 1st period - Snap shot by Brad Marchand.
0:38 of 1st period - Deflect By Drake Batherson.
0:38 of 1st period - Stopped by Connor Hellebuyck without a rebound.
0:39 of 1st period - Elias Lindholm wins face-off versus Nick Foligno in St.Louis Blues zone.
0:39 of 1st period - Elias Lindholm is hit by Nick Foligno.
0:47 of 1st period - Wrist shot by Elias Lindholm.
0:47 of 1st period - Shot Blocked by Nick Foligno.
0:49 of 1st period - Slapshot by Jaccob Slavin.
0:49 of 1st period - Shot Misses the Net.
0:51 of 1st period - Wrist shot by Elias Lindholm.
0:51 of 1st period - Stopped by Jake Oettinger with a rebound.
1:05 of 1st period - Logan O'Connor is hit by Derek Forbort.
1:15 of 1st period - Logan O'Connor is hit by Michael McLeod and loses puck.
1:32 of 1st period - Derek Forbort is hit by Mikhail Sergachev and loses puck.
1:41 of 1st period - Snap shot by Robert Thomas.
1:41 of 1st period - Stopped by Jake Oettinger without a rebound.
1:42 of 1st period - Nico Hischier wins face-off versus Elias Pettersson in Washington Capitals zone.
2:49 of 1st period - Minor Penalty to Jamie Oleksiak for Cross-checking.
2:50 of 1st period - Mikael Backlund wins face-off versus Robert Thomas in Washington Capitals zone.
3:16 of 1st period - Elias Pettersson is hit by Nick Foligno and loses puck.
3:25 of 1st period - Snap shot by Mark Stone.
3:25 of 1st period - Shot Misses the Net.
3:43 of 1st period - Ian Cole is hit by Mikhail Sergachev and loses puck.
3:54 of 1st period - Brayden Point is hit by Mikael Backlund and loses puck.
4:49 of 1st period - Penalty to Jamie Oleksiak is over, Jamie Oleksiak is back on ice.
5:14 of 1st period - Snap shot by Alex Ovechkin.
5:14 of 1st period - Stopped by Connor Hellebuyck without a rebound.
5:15 of 1st period - Nico Hischier wins face-off versus Jack Eichel in St.Louis Blues zone.
5:34 of 1st period - Alex Pietrangelo is hit by Mikael Backlund and loses puck.
6:03 of 1st period - Minor Penalty to Nick Jensen for Cross-checking.
6:04 of 1st period - Robert Thomas wins face-off versus Michael McLeod in Washington Capitals zone.
6:36 of 1st period - Mikhail Sergachev is hit by Nick Foligno.
7:32 of 1st period - Icing by Brayden Point.
7:33 of 1st period - Elias Lindholm wins face-off versus Nick Foligno in St.Louis Blues zone.
8:03 of 1st period - Penalty to Nick Jensen is over, Nick Jensen is back on ice.
8:24 of 1st period - Snap shot by Logan O'Connor.
8:24 of 1st period - Stopped by Jake Oettinger without a rebound.
8:25 of 1st period - Michael McLeod wins face-off versus Jack Eichel in Washington Capitals zone.
8:58 of 1st period - Wrist shot by Brandon Hagel.
8:58 of 1st period - Stopped by Jake Oettinger without a rebound.
8:59 of 1st period - Elias Pettersson wins face-off versus Nick Foligno in Washington Capitals zone.
9:00 of 1st period - Snap shot by Brayden Point.
9:00 of 1st period - Stopped by Jake Oettinger with a rebound.
9:02 of 1st period - Minor Penalty to John Carlson for Holding.
9:03 of 1st period - Michael McLeod wins face-off versus Robert Thomas in Washington Capitals zone.
9:03 of 1st period - Michael McLeod is hit by Jake Guentzel.
9:04 of 1st period - Michael McLeod from Washington Capitals is injured at 9:04 of 1st period (Sprained Right Knee).
9:05 of 1st period - Robert Thomas wins face-off versus Mikael Backlund in Washington Capitals zone.
9:14 of 1st period - Snap shot by Brayden Point.
9:14 of 1st period - Stopped by Jake Oettinger with a rebound.
9:16 of 1st period - Backhand shot by Brayden Point.
9:16 of 1st period - Shot Blocked by Nick Jensen.
9:18 of 1st period - Slapshot by Robert Thomas.
9:18 of 1st period - Stopped by Jake Oettinger without a rebound.
9:19 of 1st period - Jordan Kyrou wins face-off versus Robert Thomas in Washington Capitals zone.
9:54 of 1st period - Minor Penalty to Brandon Hagel for Roughing.
9:55 of 1st period - Robert Thomas wins face-off versus Nico Hischier in St.Louis Blues zone.
10:06 of 1st period - Snap shot by Robert Thomas.
10:06 of 1st period - Stopped by Jake Oettinger without a rebound.
10:07 of 1st period - Jordan Kyrou wins face-off versus Jack Eichel in Washington Capitals zone.
10:14 of 1st period - Snap shot by Jordan Kyrou.
10:14 of 1st period - Stopped by Connor Hellebuyck without a rebound.
10:15 of 1st period - Jack Eichel wins face-off versus Jordan Kyrou in St.Louis Blues zone.
10:22 of 1st period - Slapshot by Jack Eichel.
10:22 of 1st period - Stopped by Jake Oettinger without a rebound.
10:23 of 1st period - Robert Thomas wins face-off versus Alex Ovechkin in Washington Capitals zone.
10:35 of 1st period - Slapshot by Nick Jensen.
10:35 of 1st period - Shot Misses the Net.
10:37 of 1st period - Snap shot by Nico Hischier.
10:37 of 1st period - Stopped by Connor Hellebuyck without a rebound.
10:38 of 1st period - Jack Eichel wins face-off versus Jordan Kyrou in St.Louis Blues zone.
10:50 of 1st period - Slapshot by Jack Eichel.
10:50 of 1st period - Stopped by Jake Oettinger without a rebound.
10:51 of 1st period - Nico Hischier wins face-off versus Robert Thomas in Washington Capitals zone.
11:02 of 1st period - Penalty to John Carlson is over, John Carlson is back on ice.
11:02 of 1st period - Wrist shot by Nico Hischier.
11:02 of 1st period - Shot Blocked by Alex Pietrangelo.
11:11 of 1st period - Icing by Alex Ovechkin.
11:12 of 1st period - Nico Hischier wins face-off versus Lars Eller in Washington Capitals zone.
11:31 of 1st period - Slapshot by Elias Lindholm.
11:31 of 1st period - Stopped by Jake Oettinger with a rebound.
11:54 of 1st period - Penalty to Brandon Hagel is over, Brandon Hagel is back on ice.
11:55 of 1st period - Snap shot by Jordan Kyrou.
11:55 of 1st period - Shot Misses the Net.
12:27 of 1st period - Snap shot by Lars Eller.
12:27 of 1st period - Goal by Lars Eller - Washington Capitals : 0 - St.Louis Blues : 1.
12:28 of 1st period - Nico Hischier wins face-off versus Robert Thomas in neutral zone.
12:55 of 1st period - Alex Ovechkin is hit by Elias Lindholm and loses puck.
12:56 of 1st period - Alex Ovechkin from Washington Capitals is injured at 12:56 of 1st period (Upper Body).
12:57 of 1st period - Elias Pettersson wins face-off versus Nick Foligno in Washington Capitals zone.
13:46 of 1st period - Wrist shot by Alex Tuch.
13:46 of 1st period - Stopped by Jake Oettinger without a rebound.
13:47 of 1st period - Elias Lindholm wins face-off versus Nico Hischier in Washington Capitals zone.
13:54 of 1st period - Wrist shot by Alex Tuch.
13:54 of 1st period - Shot Misses the Net.
14:14 of 1st period - Snap shot by Brayden Point.
14:14 of 1st period - Deflect By Elias Pettersson.
14:14 of 1st period - Shot Blocked by Jamie Oleksiak.
14:14 of 1st period - Puck is out of play.
14:15 of 1st period - Mikael Backlund wins face-off versus Elias Pettersson in Washington Capitals zone.
14:15 of 1st period - Mikael Backlund is hit by Brandon Hagel.
14:27 of 1st period - Ian Cole is hit by Colton Parayko and loses puck.
15:23 of 1st period - Slapshot by Brayden Point.
15:23 of 1st period - Stopped by Jake Oettinger without a rebound.
15:24 of 1st period - Jordan Kyrou wins face-off versus Jack Eichel in Washington Capitals zone.
15:59 of 1st period - Minor Penalty to Jamie Oleksiak for Tripping.
16:00 of 1st period - Jordan Kyrou wins face-off versus Robert Thomas in Washington Capitals zone.
17:59 of 1st period - Penalty to Jamie Oleksiak is over, Jamie Oleksiak is back on ice.
19:41 of 1st period - Icing by Elias Lindholm.
19:42 of 1st period - Mikael Backlund wins face-off versus Jack Eichel in St.Louis Blues zone.
Goals for this period are 0 for Washington Capitals vs 1 for St.Louis Blues.
Shots for this period are 4 for Washington Capitals vs 14 for St.Louis Blues.

2nd period


0:01 of 2nd period - Jack Eichel wins face-off versus Nick Foligno in neutral zone.
0:08 of 2nd period - Snap shot by Jack Eichel.
0:08 of 2nd period - Shot Misses the Net.
1:13 of 2nd period - Snap shot by Drake Batherson.
1:13 of 2nd period - Stopped by Connor Hellebuyck with a rebound.
1:15 of 2nd period - Slapshot by Derek Forbort.
1:15 of 2nd period - Shot Misses the Net.
1:17 of 2nd period - Slapshot by Thomas Harley.
1:17 of 2nd period - Stopped by Connor Hellebuyck without a rebound.
1:18 of 2nd period - Jack Eichel wins face-off versus Nico Hischier in St.Louis Blues zone.
1:43 of 2nd period - Nick Jensen is hit by Jake Sanderson and loses puck.
1:48 of 2nd period - Slapshot by Brayden Point.
1:48 of 2nd period - Goal by Brayden Point - Washington Capitals : 0 - St.Louis Blues : 2.
1:49 of 2nd period - Jack Eichel wins face-off versus Nick Foligno in neutral zone.
1:52 of 2nd period - Nick Jensen is hit by Colton Parayko and loses puck.
1:57 of 2nd period - Snap shot by Jack Eichel.
1:57 of 2nd period - Stopped by Jake Oettinger without a rebound.
1:58 of 2nd period - Nick Foligno wins face-off versus Jake Guentzel in Washington Capitals zone.
2:25 of 2nd period - Snap shot by Nick Foligno.
2:25 of 2nd period - Stopped by Connor Hellebuyck without a rebound.
2:26 of 2nd period - Elias Pettersson wins face-off versus Nico Hischier in St.Louis Blues zone.
3:03 of 2nd period - Off-side.
3:04 of 2nd period - Nick Foligno wins face-off versus Jack Eichel in neutral zone.
3:11 of 2nd period - Snap shot by Yegor Chinakhov.
3:11 of 2nd period - Shot Misses the Net.
4:01 of 2nd period - Minor Penalty to Brad Marchand for Hooking.
4:02 of 2nd period - Robert Thomas wins face-off versus Mikael Backlund in Washington Capitals zone.
5:23 of 2nd period - Nick Jensen is hit by Elias Lindholm and loses puck.
6:01 of 2nd period - Penalty to Brad Marchand is over, Brad Marchand is back on ice.
6:05 of 2nd period - Jake Guentzel is hit by Nico Hischier and loses puck.
8:30 of 2nd period - Drake Batherson is hit by Mikhail Sergachev and loses puck.
9:29 of 2nd period - Mark Stone is hit by Nick Jensen and loses puck.
11:25 of 2nd period - Icing by Nick Jensen.
11:26 of 2nd period - Jack Eichel wins face-off versus Nick Foligno in Washington Capitals zone.
11:51 of 2nd period - Minor Penalty to Alex Tuch for Cross-checking.
11:52 of 2nd period - Elias Lindholm wins face-off versus Jordan Kyrou in St.Louis Blues zone.
11:52 of 2nd period - Elias Lindholm is hit by Brad Marchand.
11:57 of 2nd period - Off-side.
11:58 of 2nd period - Elias Lindholm wins face-off versus Jordan Kyrou in neutral zone.
12:03 of 2nd period - Slapshot by Robert Thomas.
12:03 of 2nd period - Goal by Robert Thomas - Washington Capitals : 0 - St.Louis Blues : 3.
12:04 of 2nd period - Lars Eller wins face-off versus Jordan Kyrou in neutral zone.
12:08 of 2nd period - Off-side.
12:09 of 2nd period - Lars Eller wins face-off versus Brad Marchand in neutral zone.
12:21 of 2nd period - Wrist shot by Drake Batherson.
12:21 of 2nd period - Shot Misses the Net.
12:23 of 2nd period - Wrist shot by Brad Marchand.
12:23 of 2nd period - Stopped by Connor Hellebuyck without a rebound.
12:24 of 2nd period - Elias Lindholm wins face-off versus Nico Hischier in St.Louis Blues zone.
12:37 of 2nd period - Wrist shot by Nico Hischier.
12:37 of 2nd period - Shot Misses the Net.
13:51 of 2nd period - Penalty to Alex Tuch is over, Alex Tuch is back on ice.
13:57 of 2nd period - Snap shot by Elias Pettersson.
13:57 of 2nd period - Stopped by Jake Oettinger without a rebound.
13:58 of 2nd period - Fabian Zetterlund wins face-off versus Elias Pettersson in Washington Capitals zone.
14:31 of 2nd period - Slapshot by Jamie Oleksiak.
14:31 of 2nd period - Stopped by Connor Hellebuyck with a rebound.
14:45 of 2nd period - Snap shot by Brayden Point.
14:45 of 2nd period - Stopped by Jake Oettinger without a rebound.
14:46 of 2nd period - Nico Hischier wins face-off versus Jack Eichel in Washington Capitals zone.
14:51 of 2nd period - Wrist shot by Jordan Kyrou.
14:51 of 2nd period - Shot Blocked by Jack Eichel.
15:25 of 2nd period - Brad Marchand is hit by Mark Stone and loses puck.
15:43 of 2nd period - Wrist shot by Dakota Joshua.
15:43 of 2nd period - Shot Blocked by Thomas Harley.
16:09 of 2nd period - Ian Cole is hit by Brayden Point and loses puck.
16:18 of 2nd period - Snap shot by Elias Pettersson.
16:18 of 2nd period - Shot Blocked by Jason Robertson.
16:46 of 2nd period - Nick Jensen is hit by Robert Thomas.
18:06 of 2nd period - Fabian Zetterlund is hit by Alex Tuch and loses puck.
19:13 of 2nd period - Robert Thomas is hit by Owen Tippett and loses puck.
19:36 of 2nd period - Derek Forbort is hit by Colton Parayko and loses puck.
Goals for this period are 0 for Washington Capitals vs 2 for St.Louis Blues.
Shots for this period are 5 for Washington Capitals vs 5 for St.Louis Blues.

3rd period


0:01 of 3rd period - Nick Foligno wins face-off versus Jack Eichel in neutral zone.
0:01 of 3rd period - Jordan Kyrou is hit by Robert Thomas and loses puck.
0:05 of 3rd period - Jamie Oleksiak is hit by Jake Guentzel and loses puck.
0:26 of 3rd period - Jamie Oleksiak is hit by Brayden Point.
0:32 of 3rd period - Jason Robertson is hit by Alex Pietrangelo and loses puck.
1:12 of 3rd period - Wrist shot by Jordan Kyrou.
1:12 of 3rd period - Stopped by Connor Hellebuyck with a rebound.
1:24 of 3rd period - Minor Penalty to Fabian Zetterlund for Tripping.
1:25 of 3rd period - Robert Thomas wins face-off versus Mikael Backlund in Washington Capitals zone.
1:26 of 3rd period - Slapshot by Brayden Point.
1:26 of 3rd period - Shot Misses the Net.
1:36 of 3rd period - Slapshot by Jack Eichel.
1:36 of 3rd period - Shot Misses the Net.
1:52 of 3rd period - Elias Pettersson is hit by Brad Marchand and loses puck.
2:13 of 3rd period - Mikhail Sergachev is hit by Nick Jensen and loses puck.
2:50 of 3rd period - Elias Pettersson is hit by Jordan Kyrou and loses puck.
3:24 of 3rd period - Penalty to Fabian Zetterlund is over, Fabian Zetterlund is back on ice.
3:38 of 3rd period - Mikhail Sergachev is hit by Nico Hischier and loses puck.
5:46 of 3rd period - Nick Jensen is hit by Lars Eller.
6:52 of 3rd period - Jason Robertson is hit by Colton Parayko and loses puck.
7:20 of 3rd period - Nick Jensen is hit by Logan O'Connor and loses puck.
8:25 of 3rd period - Slapshot by Mikhail Sergachev.
8:25 of 3rd period - Shot Blocked by Mikael Backlund.
8:27 of 3rd period - Slapshot by Jaccob Slavin.
8:27 of 3rd period - Shot Misses the Net.
8:29 of 3rd period - Slapshot by Mikhail Sergachev.
8:29 of 3rd period - Shot Blocked by Thomas Harley.
8:31 of 3rd period - Snap shot by Elias Lindholm.
8:31 of 3rd period - Shot Misses the Net.
11:03 of 3rd period - Snap shot by Elias Pettersson.
11:03 of 3rd period - Goal by Elias Pettersson - Washington Capitals : 0 - St.Louis Blues : 4.
11:04 of 3rd period - Jack Eichel wins face-off versus Nick Foligno in neutral zone.
11:37 of 3rd period - Snap shot by Brandon Hagel.
11:37 of 3rd period - Shot Misses the Net.
11:39 of 3rd period - Wrist shot by Brayden Point.
11:39 of 3rd period - Shot Misses the Net.
11:41 of 3rd period - Slapshot by Colton Parayko.
11:41 of 3rd period - Stopped by Jake Oettinger with a rebound.
11:53 of 3rd period - Snap shot by Lars Eller.
11:53 of 3rd period - Stopped by Jake Oettinger without a rebound.
11:54 of 3rd period - Lars Eller wins face-off versus Mikael Backlund in Washington Capitals zone.
11:55 of 3rd period - Slapshot by Jake Sanderson.
11:55 of 3rd period - Stopped by Jake Oettinger without a rebound.
11:56 of 3rd period - Mikael Backlund wins face-off versus Lars Eller in Washington Capitals zone.
11:56 of 3rd period - Mikael Backlund is hit by Alex Pietrangelo.
12:10 of 3rd period - Slapshot by Brad Marchand.
12:10 of 3rd period - Shot Blocked by Dakota Joshua.
12:12 of 3rd period - Snap shot by Brad Marchand.
12:12 of 3rd period - Stopped by Connor Hellebuyck without a rebound.
12:13 of 3rd period - Jack Eichel wins face-off versus Jordan Kyrou in St.Louis Blues zone.
12:13 of 3rd period - Jack Eichel is hit by Thomas Harley.
12:23 of 3rd period - Slapshot by Alex Pietrangelo.
12:23 of 3rd period - Shot Misses the Net.
12:25 of 3rd period - Slapshot by Robert Thomas.
12:25 of 3rd period - Shot Misses the Net.
12:27 of 3rd period - Wrist shot by Colton Parayko.
12:27 of 3rd period - Deflect By Jack Eichel.
12:27 of 3rd period - Shot Blocked by Derek Forbort.
12:27 of 3rd period - Puck is out of play.
12:28 of 3rd period - Nick Foligno wins face-off versus Jake Guentzel in Washington Capitals zone.
12:28 of 3rd period - Nick Foligno is hit by Jake Guentzel.
12:59 of 3rd period - Nick Foligno is hit by Brayden Point and loses puck.
13:20 of 3rd period - Snap shot by Drake Batherson.
13:20 of 3rd period - Shot Blocked by Alex Tuch.
13:29 of 3rd period - Logan O'Connor beats up Jamie Oleksiak.
13:29 of 3rd period - Penalty to Logan O'Connor for Fighting.
13:29 of 3rd period - Penalty to Jamie Oleksiak for Fighting.
13:30 of 3rd period - Jack Eichel wins face-off versus Nick Foligno in Washington Capitals zone.
13:33 of 3rd period - Snap shot by Jake Guentzel.
13:33 of 3rd period - Stopped by Jake Oettinger without a rebound.
13:34 of 3rd period - Jack Eichel wins face-off versus Nick Foligno in Washington Capitals zone.
13:37 of 3rd period - Snap shot by Jake Guentzel.
13:37 of 3rd period - Stopped by Jake Oettinger without a rebound.
13:38 of 3rd period - Jake Guentzel wins face-off versus Nick Foligno in Washington Capitals zone.
13:39 of 3rd period - Snap shot by Jack Eichel.
13:39 of 3rd period - Shot Misses the Net.
13:45 of 3rd period - Wrist shot by Owen Tippett.
13:45 of 3rd period - Shot Misses the Net.
13:47 of 3rd period - Wrist shot by Jordan Kyrou.
13:47 of 3rd period - Shot Blocked by Jaccob Slavin.
13:49 of 3rd period - Slapshot by Derek Forbort.
13:49 of 3rd period - Shot Blocked by Jake Sanderson.
13:51 of 3rd period - Snap shot by Jordan Kyrou.
13:51 of 3rd period - Goal by Jordan Kyrou - Washington Capitals : 1 - St.Louis Blues : 4.
13:52 of 3rd period - Nick Foligno wins face-off versus Jack Eichel in neutral zone.
14:24 of 3rd period - Snap shot by Brayden Point.
14:24 of 3rd period - Stopped by Jake Oettinger with a rebound.
14:35 of 3rd period - Icing by John Carlson.
14:36 of 3rd period - Jordan Kyrou wins face-off versus Elias Lindholm in Washington Capitals zone.
14:50 of 3rd period - Wrist shot by Yegor Chinakhov.
14:50 of 3rd period - Shot Misses the Net.
14:52 of 3rd period - Snap shot by John Carlson.
14:52 of 3rd period - Shot Blocked by Alex Pietrangelo.
16:07 of 3rd period - Jack Eichel is hit by Nico Hischier.
16:20 of 3rd period - Snap shot by Drake Batherson.
16:20 of 3rd period - Stopped by Connor Hellebuyck without a rebound.
16:21 of 3rd period - Elias Pettersson wins face-off versus Mikael Backlund in St.Louis Blues zone.
16:21 of 3rd period - Elias Pettersson is hit by Mikael Backlund.
16:31 of 3rd period - Snap shot by Brayden Point.
16:31 of 3rd period - Shot Blocked by Thomas Harley.
16:33 of 3rd period - Snap shot by Brandon Hagel.
16:33 of 3rd period - Deflect By Brayden Point.
16:33 of 3rd period - Stopped by Jake Oettinger with a rebound.
16:35 of 3rd period - Snap shot by Colton Parayko.
16:35 of 3rd period - Stopped by Jake Oettinger with a rebound.
16:37 of 3rd period - Snap shot by Brandon Hagel.
16:37 of 3rd period - Stopped by Jake Oettinger without a rebound.
16:38 of 3rd period - Jack Eichel wins face-off versus Nick Foligno in Washington Capitals zone.
17:01 of 3rd period - Minor Penalty to Derek Forbort for Boarding.
17:02 of 3rd period - Robert Thomas wins face-off versus Mikael Backlund in Washington Capitals zone.
17:05 of 3rd period - Wrist shot by Robert Thomas.
17:05 of 3rd period - Stopped by Jake Oettinger with a rebound.
17:07 of 3rd period - Slapshot by Elias Pettersson.
17:07 of 3rd period - Goal by Elias Pettersson - Washington Capitals : 1 - St.Louis Blues : 5.
17:08 of 3rd period - Jack Eichel wins face-off versus Jordan Kyrou in neutral zone.
17:12 of 3rd period - Minor Penalty to Nick Foligno for Delaying the game.
17:13 of 3rd period - Mikael Backlund wins face-off versus Robert Thomas in Washington Capitals zone.
17:13 of 3rd period - Mikael Backlund is hit by Elias Pettersson.
18:29 of 3rd period - Penalty to Jamie Oleksiak is over, Jamie Oleksiak is back on ice.
19:12 of 3rd period - Penalty to Nick Foligno is over, Nick Foligno is back on ice.
19:19 of 3rd period - Mikhail Sergachev is hit by John Carlson and loses puck.
19:24 of 3rd period - Wrist shot by Jordan Kyrou.
19:24 of 3rd period - Shot Misses the Net.
Goals for this period are 1 for Washington Capitals vs 2 for St.Louis Blues.
Shots for this period are 4 for Washington Capitals vs 12 for St.Louis Blues.